 Dungeon Crawl Stone Soup version 0.30.0-18-gc0e69614cb (webtiles) character file.

Game seed: 1178090062411700045

123 NateTC the Magician (level 5, -10/35 HPs)
             Began as a Djinni Earth Elementalist on May 26, 2023.
             Mangled by Blork the orc
             ... wielding a +1 dire flail of draining
              (12 damage)
             ... on level 4 of the Dungeon.
             The game lasted 00:03:59 (2717 turns).

NateTC the Magician (Djinni Earth Elementalist)     Turns: 2717, Time: 00:04:00

Health: -10/35     AC:  2    Str:  7    XL:     5   Next: 28%
Gold:   113        EV: 12    Int: 18    God:
                   SH:  0    Dex: 14

rFire   + + .        (no weapon)
rCold   x . .        (no shield)
rNeg    . . .        a - +0 robe
rPois   ∞            (no helmet)
rElec   .            (no cloak)
rCorr   .            (no gloves)
SInv    .            (boots unavailable)
Will    .....        (no amulet)
Stlth   ++           (no ring)
HPRegen 0.25/turn    (no ring)
MPRegen 0.00/turn

%: infuse magic (-11 HP)
@: flying
A: sickness immunity, fire resistance 2, cold vulnerability 1, float, innate
caster, HP casting, extra vitality 1
a: no special abilities


You were on level 4 of the Dungeon.
You visited 1 branch of the dungeon, and saw 6 of its levels.

You collected 113 gold pieces.

Inventory:

Armour
 a - a +0 robe (worn)
Jewellery
 b - a ring of wizardry
 l - a +6 ring of dexterity
Scrolls
 d - a scroll of blinking
 e - a scroll of teleportation {unknown}
 f - a scroll of poison {unknown}
 g - 2 scrolls of identify {unknown}
 h - 2 scrolls of magic mapping {unknown}
 i - 2 scrolls of immolation
Potions
 c - a potion of ambrosia {unknown}
 j - 2 potions of curing {unknown}
 k - a potion of magic {unknown}
 m - a potion of haste {unknown}


   Skills:
 - Level 2.1 Dodging
 - Level 1.5 Stealth
 + Level 4.3 Spellcasting


You knew the following spells:

 Your Spells              Type           Power      Damage    Failure   Level
a - Sandblast             Erth           38%        2d10      2%          1
b - Passwall              Tmut/Erth      15%        N/A       3%          2
c - Stone Arrow           Conj/Erth      38%        3d9       7%          3
d - Petrify               Tmut/Erth      19%        N/A       24%         4
e - Sting                 Tmut/Pois      76%        1d6       2%          1
f - Static Discharge      Conj/Air       38%        2-4/arc   3%          2
Your spell library was empty.

Dungeon Overview and Level Annotations

Branches:
Dungeon (6/15) Zot: 26892
 Temple: D:4-7

Altars:
Ashenzari
Cheibriados
Nemelex Xobeh
Ru
Wu Jian
The Shining One

Shops:
D:2 ?

Annotations:
D:4 Blork the orc


Innate Abilities, Weirdness & Mutations

You are immune to sickness and miasma.
You are immune to poison.
Your flesh is very heat resistant. (rF++)
You are vulnerable to cold. (rC-)
You float through the air rather than walking.
You learn spells naturally, not from books.
Your magical power is your life essence.
You have superior vitality. (+4 MHP)


Message History

Found a stone staircase leading down.
The orc shouts!
Blork the orc screams, "I'll cover the dungeon with your blood!"
Blork the orc hits you with a +1 dire flail of draining!
Items here: )) ††.
The blast of sand hits Blork the orc!
Blork the orc is moderately wounded.
Blork the orc casts a cantrip, but nothing happens.
The orc misses you. Blork the orc barely misses you. The orc misses you.
The blast of sand hits Blork the orc!
Blork the orc is severely wounded.
Blork the orc casts a spell at you. The puff of flame hits you. You resist.
You are too injured to fight recklessly!
Casting: Sandblast (safe; 2% risk of failure)
Confirm with . or Enter, or press ? or * to list all spells.
Aiming: Sting (safe; 2% risk of failure)
Press: ? - help, Shift-Dir - straight line, f/p - Blork the orc
Aim: Blork the orc, wielding a +1 dire flail of draining and wearing a +0 robe (severely wounded, 77% to hit)
The sting hits Blork the orc.
Blork the orc is poisoned.
Blork the orc is severely wounded.
Blork the orc hits you with a +1 dire flail of draining!
* * * LOW HITPOINT WARNING * * *
The orc completely misses you.
Casting: Sting (safe; 2% risk of failure)
Confirm with . or Enter, or press ? or * to list all spells.
Aiming: Sting (safe; 2% risk of failure)
Press: ? - help, Shift-Dir - straight line, f/p - Blork the orc
Aim: Blork the orc, wielding a +1 dire flail of draining and wearing a +0 robe (severely wounded, poisoned, 77% to hit)
The sting hits Blork the orc.
Blork the orc looks even sicker.
Blork the orc is almost dead.
* * * LOW HITPOINT WARNING * * *
The orc closely misses you. x2
Blork the orc hits you with a +1 dire flail of draining.
* * * LOW HITPOINT WARNING * * *
Okay, then.
Okay, then.
Blork the orc attacks as you move away!
Blork the orc hits you with a +1 dire flail of draining!
You die...

#. #. #. ### #. .. #.
.# #)##o##.###
#..@o.....# #.
##.#o####.# #.###.##
#.#># #.. ... #.#..
##.##..## #.##..#
###...#.#.#####.#...##
.......................
#.....####..####.._..
#...................


You could see Blork the orc (very poisoned) and 2 orcs.

Vanquished Creatures
  Robin (D:3)
  3 adders
  8 orcs
  5 ball pythons
  A bat (D:2)
  5 endoplasms
  A giant cockroach (D:1)
  10 goblins
  10 hobgoblins
  8 jackals
  6 kobolds
  2 quokkas
  3 frilled lizards
  2 rats
65 creatures vanquished.

Notes
Turn   | Place    | Note
-------+----------+-------------------------------------------
     0 | D:1      | NateTC the Djinni Earth Elementalist began the quest for
                  | the Orb.
     0 | D:1      | NateTC set off with the following spells memorised:
                  | Sandblast, Passwall, Stone Arrow, Petrify.
     0 | D:1      | Reached XP level 1. HP: 15/15 MP: 0/0
    94 | D:1      | Reached XP level 2. HP: 14/21 MP: 0/0
   310 | D:1      | Reached skill level 3 in Spellcasting
   822 | D:1      | Reached XP level 3. HP: 23/25 MP: 0/0
   822 | D:1      | Learned a level 1 spell: Sting
   975 | D:2      | Found Muam's Magic Scroll Shop.
  1591 | D:2      | Reached XP level 4. HP: 29/31 MP: 0/0
  1598 | D:2      | Found a sparkling altar of Nemelex Xobeh.
  2071 | D:3      | Found a faded altar of an unknown god.
  2175 | D:3      | Noticed Robin
  2183 | D:3      | Killed Robin
  2185 | D:3      | Reached skill level 4 in Spellcasting
  2472 | D:3      | You are sucked into a shaft and drop 3 floors!
  2475 | D:6      | Found a glowing golden altar of the Shining One.
  2475 | D:6      | Found a snail-covered altar of Cheibriados.
  2478 | D:6      | Found a sacrificial altar of Ru.
  2478 | D:6      | Found a broken altar of Ashenzari.
  2479 | D:6      | Noticed a centaur
  2479 | D:6      | Noticed a steam dragon
  2479 | D:6      | Noticed a kobold brigand
  2501 | D:5      | Entered Level 5 of the Dungeon
  2596 | D:5      | Reached XP level 5. HP: 31/35 MP: 0/0
  2596 | D:5      | Learned a level 2 spell: Static Discharge
  2699 | D:4      | Found an ornate altar of the Wu Jian Council.
  2711 | D:4      | Noticed Blork the orc
  2717 | D:4      | Mangled by Blork the orc

Illustrated notes

Levels and vault maps discovered:
D:1:      tarquinn_simple_flora_water_f, layout_loops_corners, chequers_avenue,
          minmay_door_square, kennysheep_minor_cross, minmay_misc_feat_columns
D:2:      wad_crossroads, layout_basic, serial_shops, shop, basic_altar
D:3:      layout_loops_ring, gammafunk_ghost_grave,
          hellmonk_ecumenical_altar_blasted, uniq_robin
D:4:      layout_loops_corners, worldfamousw_hep_ancestral_shrine,
          mainiacjoe_overflow_boulevard, minmay_starry_boxes,
          uniq_blork_the_orc, uniq_edmund, uniq_sigmund
D:5:      layout_gridville, minmay_temple_entry_arrows
D:6:      layout_loops_ring, pf_just_have_faith, grunt_temple_overflow_open,
          serial_shops, nicolae_shop_statue_plus

Skill      XL: |  1  2  3  4 |
---------------+-------------+-----
Spellcasting   | 3 4 |  4.3
Dodging        | |  2.1
Stealth        | |  1.5

Action                     |  1- 3 |  4- 6 || total
---------------------------+-------+-------++-------
  Melee: Unarmed           |     2 |       ||     2
   Cast: Sandblast         |    47 |    44 ||    91
         Sting             |       |     2 ||     2
         Static Discharge  |       |     2 ||     2
    Use: Scroll            |       |     1 ||     1
 Armour: Robe              |     5 |     3 ||     8
  Dodge: Dodged            |    16 |    11 ||    27
